 Dungeon Crawl Stone Soup version 0.30-a0-365-ge7f957f1db (webtiles) character file.

Game seed: 17529889519145325953

5553 Essalna the Zephyrmancer (level 10, -5/61 HPs)
             Began as a Tengu Air Elementalist on Nov 17, 2022.
             Was a Believer of Vehumet.
             Slain by a komodo dragon (27 damage)
             ... on level 1 of the Lair of Beasts.
             The game lasted 00:19:01 (8918 turns).

Essalna the Zephyrmancer (Tengu Air Elementalist)   Turns: 8918, Time: 00:19:02

Health: -5/61      AC:  6    Str: 10    XL:     10   Next: 71%
Magic:  11/17      EV: 17    Int: 25    God:    Vehumet [**....]
Gold:   549        SH:  0    Dex: 14    Spells: 4/17 levels left

rFire   . . .      SeeInvis +    v - +11 rapier of Conscience {venom, rPois rCorr SInv}
rCold   . . .      Faith    .    (no shield)
rNeg    . . .      Spirit   .    b - +0 troll leather armour {Pargi}
rPois   +          Reflect  .    (helmet restricted)
rElec   .          Harm     .    (no cloak)
rCorr   +          Rampage  .    g - +0 pair of gloves
Will    +....                    (boots unavailable)
Stlth   ++........               (no amulet)
HPRegen 1.10/turn                o - ring of willpower
MPRegen 0.15/turn                t - +6 ring of intelligence

@: flying quickly and evasively, quick
A: beak, talons 3, nimble flight
a: Renounce Religion


You were on level 1 of the Lair of Beasts.
You worshipped Vehumet.
Vehumet was pleased with you.
You visited 3 branches of the dungeon, and saw 11 of its levels.
You also visited: Sewer.

You collected 549 gold pieces.

Inventory:

Hand Weapons
 v - the +11 rapier of Conscience (weapon) {venom, rPois rCorr SInv}
   (You found it on level 6 of the Dungeon)

   It poisons the flesh of those it strikes.
   rPois:     It protects you from poison.
   SInv:      It lets you see invisible.
   rCorr:     It protects you from acid and corrosion.
Armour
 a - a +0 robe
 b - a +0 troll leather armour (worn) {Pargi}
 g - a +0 pair of gloves (worn)
 r - a +0 pair of gloves
 E - a +2 robe of positive energy
Magical Staves
 y - a staff of air
Jewellery
 o - a ring of willpower (left hand)
 t - a +6 ring of intelligence (right hand)
 F - an amulet of faith
Wands
 B - a wand of iceblast (10)
Scrolls
 f - a scroll of amnesia
 m - 6 scrolls of identify
 w - a scroll of teleportation
 z - a scroll of immolation
 A - a scroll of fear
 C - 2 scrolls of butterflies
 D - a scroll of blinking
 G - a scroll of enchant armour {unknown}
 H - a scroll of enchant weapon
Potions
 c - 4 potions of brilliance
 d - 3 potions of curing
 e - a potion of lignification {unknown}
 h - 2 potions of cancellation {unknown}
 i - a potion of resistance {unknown}
 j - 2 potions of heal wounds {unknown}
 k - 2 potions of berserk rage
 l - 3 potions of attraction {unknown}
 n - 3 potions of magic
 p - a potion of mutation {unknown}
 q - a potion of invisibility {unknown}
 s - 3 potions of haste {unknown}
 u - 2 potions of degeneration {unknown}
 x - a potion of might {unknown}


   Skills:
 + Level 6.9 Fighting
 + Level 6.9 Armour
 + Level 7.2 Dodging
 - Level 2.0 Stealth
 - Level 4.0 Spellcasting
 + Level 9.4 Conjurations
 + Level 10.1 Air Magic


You had 4 spell levels left.
You knew the following spells:

 Your Spells              Type           Power      Damage    Failure   Level
a - Shock                 Conj/Air       100%       1d9       1%          1
b - Static Discharge      Conj/Air       100%       2-7/arc   1%          2
c - Arcjolt               Conj/Air       26%        1d36      6%          5
d - Lightning Bolt        Conj/Air       26%        1d42      6%          5

Your spell library contained the following spells:

 Spells                   Type           Power      Damage    Failure   Level
 Poisonous Vapours        Pois/Air       60%        N/A       2%          2
 Kiss of Death            Conj/Necr      100%       2d13      1%          1
 Swiftness                Air            53%        N/A       1%          3
 Airstrike                Air            26%        2d(4-20)  1%          4
 Vhi's Electric Charge    Tloc/Air       60%        N/A       4%          3
 Sticky Flame             Conj/Fire      28%        2d5       17%         4
 Confusing Touch          Hex            5%         N/A       34%         3
 Ignite Poison            Fire/Tmut/Pois 5%         N/A       34%         3
 Portal Projectile        Hex/Tloc       10%        N/A       34%         3
 Tukima's Dance           Hex            5%         N/A       34%         3
 Dispel Undead            Necr           5%         3d7       75%         4
 Blade Hands              Tmut           2%         N/A       97%         5
 Ignition                 Fire           2%         3d3       100%        8


Dungeon Overview and Level Annotations

Branches:
Dungeon (9/15)             Temple (1/1) D:5            Lair (1/5) D:8
  Sewer (visited)
    Orc: D:9-12

Altars:
Ashenzari
Cheibriados
Dithmenos
Elyvilon
Fedhas
Gozag
Hepliaklqana
Kikubaaqudgha
Makhleb
Nemelex Xobeh
Okawaru
Qazlal
Ru
Sif Muna
Trog
Uskayaw
Vehumet
Wu Jian
Xom
Yredelemnul
Zin
The Shining One

Shops:
D:4 :


Innate Abilities, Weirdness & Mutations

You have a beak for a mouth.
You have claws for feet.
Your magical nature lets you fly swiftly and evasively.


Message History

The wyvern is moderately wounded.
You kill the bullfrog!
Vehumet accepts your kill.
You feel your power returning. The wyvern barely misses you.
A komodo dragon comes into view.
The wyvern misses you.
You hit the wyvern. You peck the wyvern, but do no damage.
The wyvern is moderately wounded.
The wyvern barely misses you. The wyvern completely misses you.
The +11 rapier of Conscience {venom, rPois rCorr SInv} begins to drip with poison!
v - the +11 rapier of Conscience (weapon)
{venom, rPois rCorr SInv} You puncture the wyvern!
The wyvern is poisoned.
You claw the wyvern.
The wyvern is severely wounded.
The wyvern bites you but does no damage.
The wyvern closely misses you.
You hit the wyvern.
The wyvern looks as sick as possible!
You claw the wyvern.
You kill the wyvern!
Vehumet accepts your kill.
Vehumet offers you knowledge of Poisonous Vapours.
You feel your power returning.
Casting: Arcjolt (dangerous; 6% risk of failure)
Confirm with . or Enter, or press ? or * to list all spells.
Aiming: Shock (safe; 1% risk of failure)
Press: ? - help, Shift-Dir - straight line, f - komodo dragon
Aim: a komodo dragon (81% to hit)
The zap hits the komodo dragon.
The komodo dragon is lightly wounded.
You puncture the komodo dragon!
The komodo dragon is moderately wounded.
The komodo dragon closely misses you.
You puncture the komodo dragon! Your kick misses the komodo dragon.
You peck the komodo dragon, but do no damage.
The komodo dragon is severely wounded.
The komodo dragon bites you!
You puncture the komodo dragon!
The komodo dragon looks as sick as possible!
Your kick misses the komodo dragon. You peck the komodo dragon.
The komodo dragon is almost dead.
The komodo dragon bites you!! x2
You die...

...###... ...#.#. # #.
...... . # ...⌠ #..$..
...# ## .... .... .... ##.
#...#...####... ##..
.....##l†....##.#####...
##+.#..@....# #.........
..#...##......######..#...
#..............###..##...
#⌠.⌠.⌠.............###...
#.....#............# #...
##.⌠.##......###.### ###.
##.##.......###†#######.
#...........##..#.#.###
#...........###.....# #


You could see a komodo dragon (extremely poisoned).

Vanquished Creatures
  Pikel (D:7)
  Maggie (D:7)
  6 yaks (D:8)
  3 wyverns
  3 water moccasins
  Pargi (Sewer)
  An orc warrior (D:8)
  An ice beast (D:6)
  A black bear (D:6)
  4 ogres
  2 centaurs
  A phantom (D:5)
  2 lemures (D:7)
  4 bullfrogs
  Blork the orc (D:4)
  A gnoll sergeant (D:6)
  2 necrophages
  3 scorpions
  10 wights (D:8)
  3 killer bees (D:7)
  2 howler monkeys
  7 orc priests
  5 hounds
  5 iguanas
  Natasha (thrice) (D:4)
  5 orc wizards
  5 gnolls (D:6)
  3 adders
  2 river rats (D:3)
  2 ufetubi
  A worm (D:3)
  A dart slug (D:5)
  30 orcs
  7 endoplasms
  6 giant cockroaches
  5 hobgoblins
  7 jackals
  7 quokkas
  3 ball pythons
  6 bats
  2 frilled lizards
  3 goblins
  3 kobolds
  10 rats
181 creatures vanquished.

Vanquished Creatures (others)
  An orc wizard (D:8)
  An orc (D:8)
  2 fungi (D:8)
  22 plants
26 creatures vanquished.

Grand Total: 207 creatures vanquished

Notes
Turn   | Place    | Note
-------+----------+-------------------------------------------
     0 | D:1      | Essalna the Tengu Air Elementalist began the quest for the
                  | Orb.
     0 | D:1      | Reached XP level 1. HP: 10/10 MP: 4/4
   159 | D:1      | Reached XP level 2. HP: 16/16 MP: 1/6
   273 | D:1      | Reached skill level 1 in Fighting
   833 | D:2      | Reached XP level 3. HP: 20/20 MP: 1/7
   843 | D:2      | Learned a level 2 spell: Static Discharge
  1189 | D:2      | Found a faded altar of an unknown god.
  1735 | D:3      | Reached skill level 5 in Air Magic
  1735 | D:3      | Reached XP level 4. HP: 18/26 MP: 1/8
  1788 | D:3      | Gained mutation: Your magical nature lets you fly swiftly
                  | and evasively. [Tengu growth]
  1788 | D:3      | Reached XP level 5. HP: 25/30 MP: 6/9
  1870 | D:3      | Found a glowing drain.
  1910 | Sewer    | Entered a sewer
  1980 | Sewer    | Noticed Pargi
  1997 | Sewer    | Killed Pargi
  1998 | Sewer    | Reached skill level 6 in Air Magic
  1998 | Sewer    | Reached XP level 6. HP: 7/37 MP: 1/10
  2693 | D:4      | Found Deikkal's Book Emporium.
  2836 | D:4      | Noticed Natasha
  2840 | D:4      | Killed Natasha
  2907 | D:4      | Noticed Blork the orc
  2927 | D:4      | Killed Blork the orc
  3264 | D:4      | Reached skill level 1 in Armour
  3264 | D:4      | Reached skill level 5 in Conjurations
  3456 | D:4      | Reached XP level 7. HP: 41/41 MP: 9/11
  3486 | D:4      | Noticed Natasha
  3490 | D:4      | Killed Natasha
  3530 | D:4      | Noticed Natasha
  3532 | D:4      | Killed Natasha
  3722 | D:5      | Entered Level 5 of the Dungeon
  3851 | D:5      | Found a staircase to the Ecumenical Temple.
  3860 | Temple   | Entered the Ecumenical Temple
  3962 | Temple   | Became a worshipper of Vehumet
  4509 | D:5      | Learned a level 5 spell: Arcjolt
  4755 | D:5      | Reached XP level 8. HP: 22/48 MP: 5/13
  4981 | D:6      | Reached skill level 7 in Air Magic
  5117 | D:6      | Identified the +11 rapier of Conscience {venom, rPois rCorr
                  | SInv}
  5191 | D:6      | Reached * piety under Vehumet
  5191 | D:6      | Offered knowledge of Freeze by Vehumet.
  5783 | D:6      | Learned a level 5 spell: Lightning Bolt
  6074 | D:7      | Noticed Pikel
  6101 | D:7      | Killed Pikel
  6102 | D:7      | Reached skill level 5 in Fighting
  6102 | D:7      | Reached skill level 8 in Air Magic
  6102 | D:7      | Reached XP level 9. HP: 54/54 MP: 4/16
  6288 | D:7      | Reached skill level 5 in Dodging
  6735 | D:7      | Noticed Maggie
  6760 | D:7      | Killed Maggie
  6761 | D:7      | Reached skill level 5 in Armour
  7083 | D:7      | Offered knowledge of Magic Dart by Vehumet.
  7174 | D:8      | Reached ** piety under Vehumet
  7314 | D:9      | Noticed a troll
  7337 | D:8      | Reached skill level 9 in Air Magic
  7453 | D:8      | Found a glowing silver altar of Zin.
  7455 | D:8      | Found a sparkling altar of Nemelex Xobeh.
  7669 | D:8      | Reached XP level 10. HP: 17/60 MP: 2/17
  8256 | D:8      | Found a staircase to the Lair.
  8703 | Lair:1   | Entered Level 1 of the Lair of Beasts
  8759 | Lair:1   | Reached skill level 10 in Air Magic
  8914 | Lair:1   | Offered knowledge of Poisonous Vapours by Vehumet.
  8918 | Lair:1   | Slain by a komodo dragon

Illustrated notes

Levels and vault maps discovered:
D:1:      wander_arrival_fairy_ring, layout_rooms, nicolae_figureground_sparkle
D:2:      layout_rooms, nicolae_ecumenical_oubliette, minmay_misc_feat_alley,
          chequers_avenue, serial_bayou_lake_a
D:3:      layout_basic, portal_sewer_entry_e
D:4:      layout_loops_ring, serial_shops, nicolae_shop_advertising_works
          [nicolae_subvault_shop_adworks], corexii_corridor_pit, uniq_natasha,
          uniq_blork_the_orc
D:5:      layout_basic, minmay_temple_entry_mini_moons,
          hangedman_decor_peaks_small
D:6:      layout_basic
D:7:      layout_loops_ring, minmay_liquid_box, hangedman_decor_growths,
          corexii_checkpoint_a, eino_small_chamber_without_monster, uniq_pikel,
          uniq_maggie
D:8:      layout_loops_corners, nicolae_overflow_hidden_temple,
          minmay_lair_entry_grove
D:9:      layout_basic
Temple:   nicolae_temple_bog_church
Lair:1:   layout_cave_pods, evilmike_ambush [evilmike_ambush_outer_pillars,
          evilmike_ambush_inner_basic], grunt_megastairs_1,
          infiniplex_staircase_pool_2

Skill      XL: |  1  2  3  4  5  6  7  8  9 10 |
---------------+-------------------------------+-----
Conjurations   | 2 3 4 5 7 8 9 |  9.4
Fighting       | 1 2 3 4 5 6 |  6.9
Air Magic      | 5 6 8 9 10 | 10.1
Armour         | 1 2 4 5 6 |  6.9
Dodging        | 3 4 6 7 |  7.2
Spellcasting   | 3 4 |  4.0
Stealth        | |  2.0

Action                   |  1- 3 |  4- 6 |  7- 9 | 10-12 || total
-------------------------+-------+-------+-------+-------++-------
Melee: Unarmed           |    21 |    44 |     1 |       ||    66
       Kick              |     5 |     7 |     7 |    11 ||    30
       Peck              |     3 |    10 |     5 |     9 ||    27
       Punch             |       |     1 |       |     1 ||     2
       Rapier            |       |       |    28 |    36 ||    64
       Staff             |       |       |       |     1 ||     1
 Cast: Shock             |    90 |    77 |   166 |    50 ||   383
       Static Discharge  |       |     1 |    46 |     6 ||    53
       Lightning Bolt    |       |       |     2 |       ||     2
       Arcjolt           |       |       |       |     6 ||     6
  Use: Scroll            |     4 |       |     7 |     1 ||    12
       Potion            |       |     2 |       |       ||     2
 Stab: Sleeping          |       |     1 |     1 |     1 ||     3
Armor: Robe              |     7 |     9 |       |       ||    16
       Troll leather arm |       |     3 |    15 |     5 ||    23
Dodge: Dodged            |    20 |    52 |    92 |    42 ||   206

Table legend: (Time is in decaauts)
 A = Elapsed time spent in this place.
 B = Non-inter-level travel time spent in this place.
 C = Inter-level travel time spent in this place.
 D = Time resting spent in this place.
 E = Time spent auto-exploring this place.
 F = Levels seen in this place.
 G = Mean time per level.
                   A        B        C        D        E       F      G
               +--------+--------+--------+--------+--------+-----+--------+
         Total |   8552 |   8302 |    250 |      0 |   7023 |  12 |  712.7 |
       Dungeon |   7997 |   7761 |    236 |      0 |   6586 |   9 |  888.6 |
        Temple |    103 |     90 |     13 |      0 |     72 |   1 |  103.0 |
          Lair |    208 |    208 |      0 |      0 |    171 |   1 |  208.0 |
         Sewer |    243 |    243 |      0 |      0 |    191 |   1 |  243.0 |
               +--------+--------+--------+--------+--------+-----+--------+

Top non-repeatable levels by time:
     D:8: 1370 daAuts
     D:5: 1093 daAuts
     D:7: 1029 daAuts
     D:6: 1024 daAuts
     D:4: 969 daAuts
     D:1: 825 daAuts
     D:3: 802 daAuts
     D:2: 792 daAuts
   Sewer: 243 daAuts
  Lair:1: 208 daAuts
  Temple: 103 daAuts
     D:9: 90 daAuts
